 Dungeon Crawl Stone Soup version 0.31-a0-331-geda263fcf1 (webtiles) character file.

Game seed: 17466459104570065689

40 mopl the Changeling (level 3, -1/25 HPs)
             Began as an Octopode Shapeshifter on July 19, 2023.
             Slain by a scorpion (6 damage)
             ... on level 3 of the Dungeon.
             The game lasted 00:01:37 (1563 turns).

mopl the Changeling (Octopode Shapeshifter)         Turns: 1563, Time: 00:01:37

Health: -1/25      AC:  1    Str: 20    XL:     3   Next: 50%
Magic:  3/3        EV: 13    Int: 10    God:
Gold:   140        SH:  0    Dex: 14    Spells: 2/2 levels left

rFire   . .          .
                       - Unarmed
rCold   . . .        (no shield)
rNeg    . . .        (helmet currently unavailable)
rPois   .            (no amulet)
rElec   .            l - +6 ring of strength
rCorr   .            (no ring)
SInv    .            (no ring)
Will    .....        (no ring)
Stlth   ++           (no ring)
HPRegen 0.24/turn    (no ring)
MPRegen 0.08/turn    (no ring)
                     (no ring)

%: no passive effects
@: brilliant, lethally poisoned (-1 -> -7), beast-form
A: beast (slay +2), almost no armour, amphibious, 8 rings, camouflage 1,
gelatinous body 1, (nimble swimmer 1), tentacles
a: Begin Untransformation


You were on level 3 of the Dungeon.
You were a hulking beast.
You visited 1 branch of the dungeon, and saw 3 of its levels.

You collected 140 gold pieces.

Inventory:

Missiles
 e - 6 boomerangs of dispersal
Armour
 h - a +1 scale mail of poison resistance
Jewellery
 l - a +6 ring of strength (left tentacle)
Talismans
 b - a beast talisman
 g - a granite talisman
Scrolls
 c - a scroll of enchant armour {unknown}
 d - 2 scrolls of teleportation {unknown}
 k - a scroll of summoning {unknown}
 m - a scroll of amnesia {unknown}
Potions
 a - 2 potions of lignification {!q}
 i - a potion of attraction {unknown}
 j - a potion of resistance {unknown}
 n - a potion of curing {unknown}


   Skills:
 + Level 2.3 Fighting
 + Level 2.3 Dodging
 * Level 2.7 Unarmed Combat
 * Level 3.3 Shapeshifting


You had 2 spell levels left.
You didn't know any spells.
Your spell library was empty.

Dungeon Overview and Level Annotations

Branches:
Dungeon (3/15)

Altars:
Cheibriados

Annotations:
D:2 1 runed translucent door, Crazy Yiuf


Innate Abilities, Weirdness & Mutations

You are a hulking beast.
Your limbs bulge with bestial killing power. (Slay +2)
You cannot wear most types of armour.
You are amphibious.
You can wear up to eight rings at the same time.
Your skin changes colour to match your surroundings (Stealth+).
Your rubbery body absorbs attacks. (AC +1, EV +1)
((You are camouflaged when in or above water. (Stealth+)))
You have tentacles for arms and can constrict up to eight enemies at once.


Message History

A kobold comes into view. It is wielding a +0 short sword.
n - a grey potion The kobold shouts!
You closely miss the kobold.
The endoplasm quivers.
Your grab misses the kobold. You tentacle-slap the kobold.
You kill the kobold!
You hear the slow rusting of a drain nearby.
A rat comes into view.
The helpless rat fails to defend itself.
You tentacle-slap the rat.
You kill the rat!
The scorpion stings you.
You closely miss the scorpion. You grab the scorpion.
You constrict the scorpion, but do no damage.
The scorpion stings you.
You are poisoned.
The scorpion poisons you!
You tentacle-slap the scorpion.
The scorpion is lightly wounded.
You constrict the scorpion, but do no damage.
You feel sick. The scorpion stings you.
You are lethally poisoned!
The scorpion poisons you!
You tentacle-slap the scorpion. You squeeze the scorpion.
The scorpion is heavily wounded.
You constrict the scorpion.
You feel very sick. The scorpion misses you.
You tentacle-slap the scorpion but do no damage.
The scorpion is severely wounded.
You constrict the scorpion.
* * * LOW HITPOINT WARNING * * *
You feel sick. The scorpion barely misses you.
It was a potion of brilliance.
You feel clever all of a sudden.
You constrict the scorpion.
* * * LOW HITPOINT WARNING * * *
You feel sick. The scorpion stings you.
You die...

#..#.....#.....###
.#..#.....#.......#
........J.†...#.###
..........†.###..#
............####.#
....^....s.....#.#
.<.............#J#
......).....<..#s#
...............#h#
...#..##########.#
.#(... #.# ##...
#.# ##. #.# # #.#
... ...


You could see a scorpion and an endoplasm.

Vanquished Creatures
  An adder (D:2)
  A worm (D:2)
  2 dart slugs (D:1)
  3 bats
  An endoplasm (D:1)
  A giant cockroach (D:2)
  3 goblins
  A hobgoblin (D:3)
  3 jackals (D:2)
  2 kobolds
  A quokka (D:3)
  A ball python (D:2)
  A frilled lizard (D:3)
  2 rats
23 creatures vanquished.

Notes
Turn   | Place    | Note
-------+----------+-------------------------------------------
     0 | D:1      | mopl the Octopode Shapeshifter began the quest for the Orb.
     0 | D:1      | Reached XP level 1. HP: 14/14 MP: 1/1
   243 | D:1      | Reached XP level 2. HP: 19/19 MP: 2/2
   692 | D:2      | Found a runed translucent door.
   693 | D:2      | Noticed Crazy Yiuf
   903 | D:2      | Found a snail-covered altar of Cheibriados.
   924 | D:2      | Reached XP level 3. HP: 16/24 MP: 3/3
  1517 | D:3      | Noticed a scorpion
  1563 | D:3      | Slain by a scorpion

Illustrated notes

Levels and vault maps discovered:
D:1:      minmay_arrival_nine_rooms, layout_basic
D:2:      layout_loops_corners, basic_altar, uniq_crazy_yiuf_cottage
D:3:      layout_rooms, bloody_makhleb, mainiacjoe_overflow_brackets,
          gammafunk_ghost_nasty_kobolds, portal_sewer_entry_b, minmay_unequal,
          uniq_robin, uniq_sigmund

Action                     || total
---------------------------++-------
  Melee: Unarmed           ||    47
         Constrict         ||    16
         Tentacles         ||     7
         Punch             ||     2
    Use: Potion            ||     1
   Stab: Sleeping          ||     8
 Armour: Skin              ||     3
  Dodge: Dodged            ||    23

Table legend: (Time is in decaauts)
 A = Elapsed time spent in this place.
 B = Non-inter-level travel time spent in this place.
 C = Inter-level travel time spent in this place.
 D = Time resting spent in this place.
 E = Time spent auto-exploring this place.
 F = Levels seen in this place.
 G = Mean time per level.
                   A        B        C        D        E       F      G
               +--------+--------+--------+--------+--------+-----+--------+
         Total |   1560 |   1502 |     58 |     32 |   1272 |   3 |  520.0 |
       Dungeon |   1560 |   1502 |     58 |     32 |   1272 |   3 |  520.0 |
               +--------+--------+--------+--------+--------+-----+--------+

Top non-repeatable levels by time:
     D:2: 851 daAuts
     D:1: 637 daAuts
     D:3: 71 daAuts
